 Dungeon Crawl Stone Soup version 0.31-a0-175-g9f7f995f2b (webtiles) character file.

Game seed: 11489770557219598789

3769 qw the Skirmisher (level 10, -3/94 HPs)
             Began as a Naga Hunter on June 16, 2023.
             Was an Initiate of Okawaru.
             Slain by a sixfirhy (11 damage)
             ... summoned by a kobold demonologist
             ... on level 9 of the Dungeon.
             The game lasted 00:02:44 (7584 turns).

qw the Skirmisher (Naga Hunter)                     Turns: 7584, Time: 00:02:44

Health: -3/94      AC:  9    Str: 13      XL:     10   Next: 16%
Magic:  10/10      EV: 12    Int:  9      God:    Okawaru [......]
Gold:   369        SH:  0    Dex: 25 (26) Spells: 9/9 levels left

rFire   + . .        Y - +0 orcbow (flame)
rCold   . . .        (shield currently unavailable)
rNeg    . . .        a - +1 leather armour {rF+}
rPois   +            h - +1 helmet
rElec   .            (no cloak)
rCorr   .            l - +0 pair of gloves
SInv    +            (no barding)
Will    +....        (no amulet)
Stlth   ++           e - +6 ring of dexterity
HPRegen 0.35/turn    (no ring)
MPRegen 0.12/turn

%: no passive effects
@: about to teleport, short of breath, very slow
A: AC +3, large, see invisible, deformed body, poison resistance, slowness 2,
spit poison 1, naga tail 1
a: Spit Poison, Renounce Religion


You were on level 9 of the Dungeon.
You worshipped Okawaru.
Okawaru was noncommittal.
You visited 2 branches of the dungeon, and saw 10 of its levels.

You collected 446 gold pieces.
You spent 77 gold pieces at shops.


Innate Abilities, Weirdness & Mutations

Your serpentine skin is tough. (AC +3)
You have supernaturally acute eyesight. (SInv)
Armour fits poorly on your strangely shaped body.
Your system is resistant to poisons. (rPois)
You cover ground very slowly.
You can spit poison.
You have a snake-like lower body.


   Skills:
 - Level 7.2 Fighting
 - Level 11.1 Ranged Weapons
 - Level 1.2 Armour
 + Level 4.2 Dodging
 - Level 1.5 Stealth


You had 9 spell levels left.
You didn't know any spells.
Your spell library was empty.

Inventory:

Hand Weapons
 Y - a +0 orcbow of flaming (weapon)
Armour
 a - a +1 leather armour of fire resistance (worn)
 h - a +1 helmet (worn)
 l - a +0 pair of gloves (worn)
Jewellery
 d - a ring of ice
 e - a +6 ring of dexterity (left hand)
Scrolls
 b - a scroll of identify
 c - a scroll of teleportation
Potions
 f - a potion of resistance
 i - a potion of haste {unknown}
 k - 2 potions of curing
 m - a potion of might {unknown}
 n - a potion of degeneration {unknown}

Dungeon Overview and Level Annotations

Branches:
Dungeon (9/15)             Temple (1/1) D:4
   Lair: D:8-11         Orc: D:9-12

Altars:
Ashenzari
Cheibriados
Dithmenos
Gozag
Hepliaklqana
Kikubaaqudgha
Makhleb
Nemelex Xobeh
Okawaru
Qazlal
Ru
Sif Muna
Trog
Uskayaw
Vehumet
Wu Jian
Xom
Yredelemnul
Zin
The Shining One

Shops:
D:2 =   D:4 (

Annotations:
D:4 2 transporters, qw's ghost, amateur GrHu


Message History

The yak closely misses you.
You shoot an arrow. The arrow barely misses the yak.
The arrow barely misses the kobold demonologist.
The yak gores you but does no damage.
You shoot an arrow. The arrow barely misses the yak.
The arrow closely misses the kobold demonologist.
You have got your breath back.
The sixfirhy closely misses you. The sixfirhy hits you!
The sixfirhy shocks you! The yak closely misses you.
The crimson imp blinks!
The sixfirhy closely misses you.
7580 ||| INVOKING Spit Poison.
Aiming: Spit Poison (1% risk of failure)
Press: ? - help, Shift-Dir - straight line, f/p - yak The splash of poison hits the yak but does no damage.
The yak is poisoned.
The yak is heavily wounded.
The sixfirhy hits you! The sixfirhy shocks you!
The sixfirhy hits you but does no damage.
The sixfirhy misses you. The yak completely misses you.
The sixfirhy hits you but does no damage.
You shoot an arrow. The arrow barely misses the yak.
The arrow hits the kobold demonologist but does no damage.
The sixfirhy hits you! The sixfirhy shocks you! The yak misses you.
7582 ||| READING 2 scrolls of teleportation.
As you read the scroll of teleportation, it crumbles to dust.
You feel strangely unstable. The yak gores you but does no damage.
The kobold demonologist casts a spell.
You shoot an arrow. The arrow hits the yak!
The arrow burns the yak.
The yak is almost dead.
The yak gores you but does no damage.
The kobold demonologist casts a spell.
The ice devil closely misses you. The sixfirhy misses you.
You shoot an arrow. The arrow hits the yak.
The arrow burns the yak.
You kill the yak!
Okawaru accepts your kill. The sixfirhy hits you. The sixfirhy shocks you!
The sixfirhy hits you but does no damage.
The sixfirhy hits you. The sixfirhy shocks you!
You die...

.# #.<##.......#
....####..##.......#
..........##.......#
.##.......##.......#
########.........##
#........... #
#...........
#..##5#4##......##
.....K5@##......#
...4..3.##......#
#..##5####......# #
#. #......# .
#......# ##
#........ #...#.#.#


You could see an ice devil (summoned), a kobold demonologist, a sixfirhy
(summoned), a chaos spawn (summoned), a quasit (summoned), a crimson imp
(summoned) and a white imp (summoned).

Vanquished Creatures
  A komodo dragon (D:8)
  A hornet (D:8)
  Prince Ribbit (D:7)
  A vampire (D:9)
  A yak (D:9)
  Edmund (D:5)
  A water moccasin (D:7)
  A sky beast (D:8)
  3 ice beasts
  A black bear (D:7)
  4 ogres
  A centaur (D:8)
  A phantom (D:7)
  A kobold brigand (D:7)
  A gnoll sergeant (D:8)
  3 bullfrogs
  2 scorpions
  5 wights (D:8)
  A howler monkey (D:8)
  A crimson imp (D:6)
  6 hounds
  3 jellies
  3 orc priests
  A sleepcap (D:5)
  6 iguanas
  6 orc wizards
  7 gnolls
  8 adders
  3 white imps
  3 ufetubi
  A worm (D:4)
  5 dart slugs
  25 orcs
  5 bats
  6 endoplasms
  2 giant cockroaches
  14 hobgoblins
  2 jackals (D:2)
  17 kobolds
  2 quokkas
  10 ball pythons
  3 frilled lizards
  7 goblins
  2 rats
179 creatures vanquished.

Notes
Turn   | Place    | Note
-------+----------+-------------------------------------------
     0 | D:1      | qw the Naga Hunter began the quest for the Orb.
     0 | D:1      | Reached XP level 1. HP: 19/19 MP: 1/1
     0 | D:1      | 0 ||| qw: Version: 0.2-a-29-g511e9b1
     0 | D:1      | 0 ||| qw: Game counter: 5723
     0 | D:1      | 0 ||| qw: Always use a shield: true
     0 | D:1      | 0 ||| qw: God list: Okawaru
     0 | D:1      | 0 ||| qw: Allow faded altars: false
     0 | D:1      | 0 ||| qw: Do Orc after D:15 true
     0 | D:1      | 0 ||| qw: Do second Lair branch before Depths: true
     0 | D:1      | 0 ||| qw: Lair rune preference: random
     0 | D:1      | 0 ||| qw: Plans: Normal
     0 | D:1      | 0 ||| PLANNING D:1-11
    41 | D:1      | 41 ||| INVOKING Spit Poison.
   113 | D:1      | 113 ||| INVOKING Spit Poison.
   118 | D:1      | 118 ||| INVOKING Spit Poison.
   123 | D:1      | Reached skill level 4 in Ranged Weapons
   123 | D:1      | Reached XP level 2. HP: 17/26 MP: 2/2
   123 | D:1      | 123 ||| INVOKING Spit Poison.
   196 | D:1      | 196 ||| INVOKING Spit Poison.
   197 | D:1      | 197 ||| INVOKING Spit Poison.
   203 | D:1      | 203 ||| INVOKING Spit Poison.
   218 | D:1      | 218 ||| INVOKING Spit Poison.
   258 | D:1      | 258 ||| INVOKING Spit Poison.
   294 | D:1      | Reached XP level 3. HP: 32/32 MP: 3/3
   294 | D:1      | Found a faded altar of an unknown god.
   309 | D:1      | 309 ||| INVOKING Spit Poison.
   403 | D:1      | 403 ||| INVOKING Spit Poison.
   456 | D:1      | 456 ||| INVOKING Spit Poison.
   460 | D:1      | 460 ||| INVOKING Spit Poison.
   495 | D:1      | 495 ||| INVOKING Spit Poison.
   508 | D:1      | 508 ||| INVOKING Spit Poison.
   546 | D:1      | 546 ||| INVOKING Spit Poison.
   704 | D:1      | 704 ||| INVOKING Spit Poison.
   721 | D:1      | 721 ||| INVOKING Spit Poison.
   882 | D:1      | 882 ||| INVOKING Spit Poison.
   883 | D:1      | 883 ||| INVOKING Spit Poison.
   892 | D:1      | 892 ||| UPGRADING to +0 helmet.
   897 | D:1      | 897 ||| READING scroll labelled JIFETIYSIDE.
   898 | D:1      | 898 ||| READING 2 scrolls labelled DOMUEF OCROVIH.
   899 | D:1      | 899 ||| READING scroll of enchant armour.
   899 | D:1      | 899 ||| ENCHANTING +0 helmet.
   900 | D:1      | 900 ||| READING scroll labelled SONEOLAEGH.
   901 | D:1      | 901 ||| DROPPING scroll of butterflies.
   966 | D:2      | 966 ||| INVOKING Spit Poison.
   992 | D:2      | 992 ||| INVOKING Spit Poison.
  1047 | D:2      | 1047 ||| INVOKING Spit Poison.
  1139 | D:2      | 1139 ||| INVOKING Spit Poison.
  1172 | D:2      | Found an ornate altar of the Wu Jian Council.
  1180 | D:2      | 1180 ||| INVOKING Spit Poison.
  1190 | D:2      | 1190 ||| INVOKING Spit Poison.
  1191 | D:2      | Reached skill level 5 in Ranged Weapons
  1191 | D:2      | Reached XP level 4. HP: 39/39 MP: 4/4
  1193 | D:2      | 1193 ||| INVOKING Spit Poison.
  1299 | D:2      | Found Pooxuycs's Jewellery Shoppe.
  1307 | D:2      | 1307 ||| SHOPLISTING +6 ring of dexterity (396 gold, have
                  | 55).
  1307 | D:2      | 1307 ||| SHOPLISTING amulet of faith (440 gold, have 55).
  1307 | D:2      | 1307 ||| SHOPLISTING amulet of reflection (330 gold, have
                  | 55).
  1307 | D:2      | 1307 ||| SHOPLISTING amulet of regeneration (330 gold, have
                  | 55).
  1307 | D:2      | 1307 ||| SHOPLISTING ring of fire (275 gold, have 55).
  1307 | D:2      | 1307 ||| SHOPLISTING ring of ice (275 gold, have 55).
  1307 | D:2      | 1307 ||| SHOPLISTING ring of willpower (275 gold, have 55).
  1333 | D:2      | 1333 ||| INVOKING Spit Poison.
  1372 | D:2      | 1372 ||| INVOKING Spit Poison.
  1376 | D:2      | 1376 ||| INVOKING Spit Poison.
  1387 | D:2      | 1387 ||| INVOKING Spit Poison.
  1392 | D:2      | 1392 ||| INVOKING Spit Poison.
  1411 | D:2      | 1411 ||| INVOKING Spit Poison.
  1492 | D:2      | 1492 ||| INVOKING Spit Poison.
  1562 | D:2      | 1562 ||| UPGRADING to +6 ring of dexterity.
  1563 | D:2      | 1563 ||| READING scroll labelled SISOODI DAUSO.
  1564 | D:2      | 1564 ||| READING scroll labelled CEARHE IBBADES.
  1599 | D:3      | 1599 ||| INVOKING Spit Poison.
  1666 | D:3      | 1666 ||| INVOKING Spit Poison.
  1673 | D:3      | 1673 ||| INVOKING Spit Poison.
  1700 | D:3      | 1700 ||| INVOKING Spit Poison.
  1703 | D:3      | Reached skill level 3 in Fighting
  1718 | D:3      | 1718 ||| READING scroll of enchant weapon.
  1718 | D:3      | 1718 ||| ENCHANTING +1 shortbow.
  1749 | D:3      | 1749 ||| INVOKING Spit Poison.
  1780 | D:3      | 1780 ||| INVOKING Spit Poison.
  1850 | D:3      | 1850 ||| INVOKING Spit Poison.
  1851 | D:3      | 1851 ||| INVOKING Spit Poison.
  1852 | D:3      | Reached XP level 5. HP: 49/49 MP: 5/5
  1891 | D:3      | 1891 ||| INVOKING Spit Poison.
  1929 | D:3      | 1929 ||| INVOKING Spit Poison.
  1992 | D:3      | 1992 ||| INVOKING Spit Poison.
  1998 | D:3      | 1998 ||| INVOKING Spit Poison.
  2004 | D:3      | 2004 ||| INVOKING Spit Poison.
  2027 | D:3      | 2027 ||| INVOKING Spit Poison.
  2074 | D:3      | 2074 ||| READING scroll of enchant weapon.
  2074 | D:3      | 2074 ||| ENCHANTING +2 shortbow.
  2126 | D:3      | 2126 ||| INVOKING Spit Poison.
  2139 | D:3      | 2139 ||| INVOKING Spit Poison.
  2163 | D:3      | 2163 ||| INVOKING Spit Poison.
  2204 | D:3      | 2204 ||| INVOKING Spit Poison.
  2404 | D:3      | 2404 ||| UPGRADING to +1 leather armour of fire resistance.
  2414 | D:3      | 2414 ||| DROPPING +0 leather armour.
  2415 | D:3      | 2415 ||| READING 2 scrolls of identify.
  2415 | D:3      | 2415 ||| IDENTIFYING fizzy brown potion
  2416 | D:3      | 2416 ||| DROPPING potion of lignification.
  2458 | D:4      | 2458 ||| INVOKING Spit Poison.
  2463 | D:4      | Found a staircase to the Ecumenical Temple.
  2464 | D:4      | 2464 ||| PLANNING TEMPLE
  2465 | D:4      | Noticed an ogre
  2466 | D:4      | 2466 ||| INVOKING Spit Poison.
  2470 | D:4      | Killed an ogre
  2471 | D:4      | Reached skill level 6 in Ranged Weapons
  2471 | D:4      | Reached XP level 6. HP: 32/56 MP: 6/6
  2549 | D:4      | 2549 ||| INVOKING Spit Poison.
  2559 | Temple   | Entered the Ecumenical Temple
  2741 | Temple   | 2741 ||| PLANNING D:1-11
  2786 | D:4      | Found Duitif's Antique Weapon Shop.
  2788 | D:4      | 2788 ||| INVOKING Spit Poison.
  2802 | D:4      | 2802 ||| SHOPLISTING encrusted shortbow (176 gold, have
                  | 108).
  2802 | D:4      | 2802 ||| BUYING orcbow (77 gold).
  2802 | D:4      | Bought an orcbow for 77 gold pieces
  2802 | D:4      | 2802 ||| UPGRADING to +0 orcbow.
  2803 | D:4      | 2803 ||| DROPPING +3 shortbow.
  2810 | D:4      | 2810 ||| INVOKING Spit Poison.
  2830 | D:4      | 2830 ||| INVOKING Spit Poison.
  2834 | D:4      | 2834 ||| Stepping ~*~*~tactically~*~*~ (outnumbered).
  2836 | D:4      | 2836 ||| Stepping ~*~*~tactically~*~*~ (outnumbered).
  2838 | D:4      | 2838 ||| INVOKING Spit Poison.
  2848 | D:4      | 2848 ||| INVOKING Spit Poison.
  2853 | D:4      | 2853 ||| INVOKING Spit Poison.
  2859 | D:4      | 2859 ||| INVOKING Spit Poison.
  3037 | D:4      | Noticed qw's ghost (amateur GrHu)
  3048 | D:4      | Found a transporter.
  3051 | D:4      | Found a transporter.
  3064 | D:4      | 3064 ||| INVOKING Spit Poison.
  3097 | D:4      | 3097 ||| INVOKING Spit Poison.
  3100 | D:4      | 3100 ||| INVOKING Spit Poison.
  3110 | D:4      | 3110 ||| INVOKING Spit Poison.
  3116 | D:4      | 3116 ||| INVOKING Spit Poison.
  3117 | D:4      | Reached XP level 7. HP: 59/64 MP: 7/7
  3204 | D:4      | 3204 ||| INVOKING Spit Poison.
  3241 | D:4      | 3241 ||| INVOKING Spit Poison.
  3246 | D:4      | 3246 ||| INVOKING Spit Poison.
  3251 | D:4      | 3251 ||| INVOKING Spit Poison.
  3547 | D:4      | 3547 ||| READING scroll labelled IXYLULIUGEU.
  3548 | D:4      | 3548 ||| READING 2 scrolls of identify.
  3548 | D:4      | 3548 ||| IDENTIFYING murky red potion
  3566 | D:5      | Entered Level 5 of the Dungeon
  3567 | D:5      | 3567 ||| INVOKING Spit Poison.
  3570 | D:5      | 3570 ||| STAIRDANCE
  3572 | D:4      | 3572 ||| INVOKING Spit Poison.
  3573 | D:4      | Reached skill level 7 in Ranged Weapons
  3670 | D:5      | 3670 ||| INVOKING Spit Poison.
  3677 | D:5      | 3677 ||| INVOKING Spit Poison.
  3849 | D:5      | 3849 ||| INVOKING Spit Poison.
  3903 | D:5      | 3903 ||| INVOKING Spit Poison.
  3968 | D:5      | 3968 ||| INVOKING Spit Poison.
  3992 | D:5      | Noticed Edmund
  3994 | D:5      | 3994 ||| INVOKING Spit Poison.
  3997 | D:5      | 3997 ||| INVOKING Spit Poison.
  4004 | D:5      | 4004 ||| INVOKING Spit Poison.
  4006 | D:5      | Killed Edmund
  4007 | D:5      | Reached skill level 8 in Ranged Weapons
  4007 | D:5      | Reached XP level 8. HP: 48/72 MP: 8/8
  4191 | D:5      | 4191 ||| Stepping ~*~*~tactically~*~*~ (outnumbered).
  4195 | D:5      | 4195 ||| INVOKING Spit Poison.
  4304 | D:5      | Identified the +12 rapier "Seshilah" {heavy, +Blink rElec
                  | rN+++ Int-4}
  4382 | D:5      | 4382 ||| INVOKING Spit Poison.
  4388 | D:5      | Reached skill level 3 in Dodging
  4722 | D:5      | 4722 ||| INVOKING Spit Poison.
  4725 | D:5      | 4725 ||| INVOKING Spit Poison.
  5063 | D:5      | 5063 ||| UPGRADING to +0 pair of gloves.
  5068 | D:5      | 5068 ||| READING 2 scrolls labelled DOURRA KONIALY.
  5072 | D:5      | 5072 ||| DRINKING 3 fuming grey potions.
  5073 | D:5      | 5073 ||| DRINKING 2 puce potions.
  5074 | D:5      | 5074 ||| DROPPING 2 potions of enlightenment.
  5157 | D:6      | 5157 ||| INVOKING Spit Poison.
  5161 | D:6      | Reached skill level 1 in Armour
  5253 | D:6      | 5253 ||| INVOKING Spit Poison.
  5257 | D:6      | 5257 ||| INVOKING Spit Poison.
  5263 | D:6      | 5263 ||| INVOKING Spit Poison.
  5266 | D:6      | 5266 ||| INVOKING Spit Poison.
  5374 | D:6      | 5374 ||| INVOKING Spit Poison.
  5381 | D:6      | 5381 ||| INVOKING Spit Poison.
  5386 | D:6      | 5386 ||| INVOKING Spit Poison.
  5523 | D:6      | 5523 ||| INVOKING Spit Poison.
  5586 | D:6      | 5586 ||| INVOKING Spit Poison.
  5679 | D:6      | 5679 ||| INVOKING Spit Poison.
  5710 | D:6      | 5710 ||| INVOKING Spit Poison.
  5744 | D:6      | 5744 ||| INVOKING Spit Poison.
  5771 | D:6      | 5771 ||| INVOKING Spit Poison.
  5820 | D:6      | 5820 ||| INVOKING Spit Poison.
  5979 | D:6      | 5979 ||| READING scroll labelled BUBUPHENNI.
  5980 | D:6      | 5980 ||| READING scroll labelled AQAMNIMEAC.
  6107 | D:7      | 6107 ||| INVOKING Spit Poison.
  6112 | D:7      | 6112 ||| INVOKING Spit Poison.
  6121 | D:7      | 6121 ||| INVOKING Spit Poison.
  6123 | D:7      | Reached skill level 9 in Ranged Weapons
  6126 | D:7      | Reached XP level 9. HP: 81/81 MP: 9/9
  6164 | D:7      | 6164 ||| INVOKING Spit Poison.
  6167 | D:7      | 6167 ||| INVOKING Spit Poison.
  6207 | D:7      | Reached skill level 6 in Fighting
  6215 | D:7      | 6215 ||| INVOKING Spit Poison.
  6221 | D:7      | 6221 ||| INVOKING Spit Poison.
  6224 | D:7      | 6224 ||| INVOKING Spit Poison.
  6227 | D:7      | 6227 ||| INVOKING Spit Poison.
  6232 | D:7      | 6232 ||| INVOKING Spit Poison.
  6233 | D:7      | Noticed Prince Ribbit
  6239 | D:7      | 6239 ||| INVOKING Spit Poison.
  6242 | D:7      | 6242 ||| INVOKING Spit Poison.
  6250 | D:7      | 6250 ||| INVOKING Spit Poison.
  6254 | D:7      | Killed Prince Ribbit
  6331 | D:7      | 6331 ||| INVOKING Spit Poison.
  6426 | D:7      | 6426 ||| INVOKING Spit Poison.
  6570 | D:7      | Found a glowing silver altar of Zin.
  6686 | D:8      | Noticed a hornet
  6688 | D:8      | 6688 ||| INVOKING Spit Poison.
  6689 | D:8      | Killed a hornet
  6690 | D:8      | Reached skill level 10 in Ranged Weapons
  7005 | D:8      | Found a bloodstained altar of Trog.
  7005 | D:8      | Found an iron altar of Okawaru.
  7006 | D:8      | 7006 ||| PLANNING OKAWARU WORSHIP
  7006 | D:8      | 7006 ||| DROPPING ring of wizardry.
  7013 | D:8      | Found a faded altar of an unknown god.
  7014 | D:8      | 7014 ||| INVOKING Spit Poison.
  7021 | D:8      | 7021 ||| INVOKING Spit Poison.
  7026 | D:8      | 7026 ||| INVOKING Spit Poison.
  7049 | D:8      | Became a worshipper of Warmaster Okawaru
  7050 | D:8      | 7050 ||| PLANNING D:1-11
  7054 | D:8      | Found a sacrificial altar of Ru.
  7056 | D:8      | Found a faded altar of an unknown god.
  7121 | D:8      | 7121 ||| INVOKING Spit Poison.
  7128 | D:8      | 7128 ||| INVOKING Spit Poison.
  7129 | D:8      | Reached XP level 10. HP: 94/94 MP: 10/10
  7147 | D:8      | 7147 ||| INVOKING Spit Poison.
  7150 | D:8      | 7150 ||| INVOKING Spit Poison.
  7155 | D:8      | 7155 ||| INVOKING Spit Poison.
  7160 | D:8      | 7160 ||| INVOKING Spit Poison.
  7166 | D:8      | HP: 22/94 [komodo dragon (17)]
  7167 | D:8      | 7167 ||| READING 3 scrolls of teleportation.
  7168 | D:8      | 7168 ||| INVOKING Spit Poison.
  7179 | D:8      | 7179 ||| INVOKING Spit Poison.
  7181 | D:8      | Reached skill level 11 in Ranged Weapons
  7447 | D:8      | 7447 ||| DRINKING 2 fizzy green potions.
  7448 | D:8      | 7448 ||| READING 2 scrolls of identify.
  7448 | D:8      | 7448 ||| IDENTIFYING bubbling blue potion
  7449 | D:8      | 7449 ||| DROPPING potion of invisibility.
  7450 | D:8      | 7450 ||| DROPPING potion of attraction.
  7567 | D:9      | Noticed a kobold demonologist
  7568 | D:9      | 7568 ||| INVOKING Spit Poison.
  7573 | D:9      | 7573 ||| INVOKING Spit Poison.
  7574 | D:9      | Noticed a sixfirhy
  7580 | D:9      | 7580 ||| INVOKING Spit Poison.
  7581 | D:9      | HP: 23/94 [sixfirhy[a kobold demonologist] (11)]
  7582 | D:9      | 7582 ||| READING 2 scrolls of teleportation.
  7584 | D:9      | HP: 8/94 [sixfirhy[a kobold demonologist] (6)]
  7584 | D:9      | Slain by a sixfirhy

Levels and vault maps discovered:
D:1:      dpeg_chamrin_arrival_tetris, layout_basic,
          ebering_ecumenical_altar_abandoned
D:2:      layout_loops_ring, basic_altar, serial_shops, shop,
          hangedman_feature_mirror
D:3:      layout_loops_corners
D:4:      layout_loops_ring, minmay_temple_entry_large_hall,
          gammafunk_ghost_arena, serial_shops, shop
D:5:      layout_layer_cave, uniq_edmund
D:6:      layout_loops_ring, minmay_fire_ice_demons
D:7:      layout_rooms, zin_treasury, grunt_tough_drop, uniq_prince_ribbit1
D:8:      layout_basic, chequers_temple_overflow_minitemple
D:9:      layout_long_grid, elyvilon_altar_5, enter_bailey_3,
          kennysheep_generic_room_5, uniq_pikel
Temple:   nicolae_temple_bog_church

Skill      XL: |  1  2  3  4  5  6  7  8  9 10 |
---------------+-------------------------------+-----
Ranged Weapons | 4 5 6 8 9 10 11 | 11.1
Fighting       | 3 4 5 7 |  7.2
Dodging        | 2 3 4 |  4.2
Armour         | 1 |  1.2
Stealth        | |  1.5

Action                     |  1- 3 |  4- 6 |  7- 9 | 10-12 || total
---------------------------+-------+-------+-------+-------++-------
   Fire: Shortbow          |    64 |    78 |       |       ||   142
         Orcbow            |       |    32 |   247 |    42 ||   321
Ability: Spit Poison       |    24 |    40 |    54 |     9 ||   127
    Use: Scroll            |     4 |     5 |     5 |     3 ||    17
         Potion            |       |       |     2 |     1 ||     3
 Armour: Leather armour    |     4 |    15 |    28 |    17 ||    64
  Dodge: Dodged            |     7 |    39 |    43 |    26 ||   115

Table legend:
 A = Non-vault XP
 B = Vault XP
 C = Vault XP percentage of total XP
 D = Non-vault monster count
 E = Vault monster count
 F = Vault count percentage of total count
                 A         B        C        D         E       F
            +---------+---------+-------+---------+---------+-------
      Total |    4881 |     700 |  12.5 |     172 |       7 |   3.9
            +---------+---------+-------+---------+---------+-------
        D:1 |      56 |       0 |   0.0 |      32 |       0 |   0.0
        D:2 |      39 |       2 |   4.9 |      15 |       2 |  11.8
        D:3 |     153 |       0 |   0.0 |      25 |       0 |   0.0
        D:4 |     577 |       0 |   0.0 |      25 |       0 |   0.0
        D:5 |     512 |     176 |  25.6 |      19 |       1 |   5.0
        D:6 |     581 |      58 |   9.1 |      15 |       2 |  11.8
        D:7 |    1075 |     268 |  20.0 |      19 |       1 |   5.0
        D:8 |    1676 |       0 |   0.0 |      21 |       0 |   0.0
        D:9 |     212 |     196 |  48.0 |       1 |       1 |  50.0
            +---------+---------+-------+---------+---------+-------
